Map: Blackrock LE

Players

ShoWTimE

  • Race: Protoss Protoss
  • Spawn Location: 7:00

Elazer - Winner!

  • Race: Zerg Zerg
  • League: Master
  • Spawn Location: 1:00

Event: HomeStory Cup XXIX

VOD

Have the link to the VOD?

Description

Time

  • Played on: July 3, 2026, 2:07 p.m.
  • Length: 12:18

All games in this series

Show
View Real Time Build Order
Export as new Build Order

ShoWTimE Protoss 

Build Orders: Oracle Opening, Zealot Archon 

Get SALT Encoding   

  8  0:00  Probe (Chrono Boost)  
  9  0:12  Probe (Chrono Boost)  
  10  0:17  Probe (Chrono Boost)  
  11  0:26  Probe  
  12  0:32  Pylon  
  12  0:38  Probe  
  13  0:50  Probe  
  14  0:58  Gateway  
  14  1:03  Probe (Chrono Boost)  
  15  1:08  Assimilator  
  15  1:14  Probe (Chrono Boost)  
  16  1:19  Probe (Chrono Boost)  
  17  1:29  Probe  
  18  1:41  Probe  
  19  1:50  Nexus  
  19  2:00  Cybernetics Core  
  19  2:03  Probe  
  20  2:11  Pylon  
  20  2:15  Probe  
  20  2:19  Assimilator  
  21  2:29  Probe  
  22  2:33  Adept (Chrono Boost)  
  24  2:41  Probe  
  25  2:51  Stargate  
  25  2:53  Probe  
  25  2:55  Adept (Chrono Boost)  
  26  3:02  Probe  
  26  3:05  Warp Gate  
  29  3:06  Probe  
  30  3:14  Probe  
  30  3:18  Probe  
  32  3:20  Adept  
  32  3:26  Probe  
  35  3:30  Probe  
  36  3:36  Oracle (Chrono Boost)  
  36  3:38  Probe  
  40  3:42  Probe  
  41  3:50  Probe  
  41  3:52  Pylon  
  42  3:59  Adept  
  42  4:03  Probe x2  
  42  4:10  Gateway  
  42  4:11  Oracle  
  42  4:15  Probe x2  
  47  4:23  Pylon  
  47  4:27  Probe x2  
  49  4:32  Nexus  
  49  4:35  Pylon  
  49  4:41  Probe  
  49  4:43  Assimilator  
  50  4:46  Assimilator  
  50  4:50  Oracle (Chrono Boost)  
  50  4:53  Probe  
  50  4:54  Probe  
  50  4:58  Pylon  
  55  5:05  Probe  
  55  5:06  Probe  
  57  5:14  Pylon  
  57  5:16  Adept x2  
  57  5:17  Probe  
  57  5:18  Probe  
  63  5:25  Forge  
  63  5:27  Twilight Council  
  63  5:29  Probe  
  63  5:30  Probe  
  65  5:41  Gateway  
  65  5:42  Probe (Chrono Boost), Gateway  
  67  5:44  Probe (Chrono Boost)  
  67  5:47  Probe (Chrono Boost)  
  67  5:49  Stalker  
  70  5:53  Probe x2 (Chrono Boost)  
  70  5:56  Probe (Chrono Boost)  
  73  5:57  Probe (Chrono Boost)  
  73  5:58  Probe (Chrono Boost)  
  73  6:02  Charge  
  75  6:05  Shield Battery  
  75  6:06  Protoss Ground Weapons Level 1 (Chrono Boost), Probe  
  75  6:08  Probe  
  75  6:10  Probe  
  78  6:13  Templar Archives  
  74  6:18  Probe  
  74  6:20  Probe, Stalker  
  74  6:22  Pylon  
  74  6:23  Probe  
  75  6:28  Gateway  
  75  6:30  Photon Cannon  
  75  6:32  Gateway  
  75  6:38  Probe  
  76  6:42  Gateway  
  76  6:43  Robotics Facility  
  76  6:44  Assimilator  
  76  6:45  Gateway  
  76  6:47  Assimilator  
  76  6:50  Gateway  
  76  6:54  Gateway  
  76  6:56  Probe x2  
  76  6:57  Probe  
  79  7:01  High Templar x2  
  79  7:03  Pylon  
  79  7:04  Pylon  
  79  7:06  Archon  
  83  7:12  Pylon  
  83  7:14  Zealot x2  
  87  7:16  Pylon  
  87  7:19  Pylon  
  87  7:27  Pylon  
  87  7:31  Warp Prism (Chrono Boost)  
  87  7:33  High Templar x2  
  90  7:37  Archon  
  90  7:38  Zealot x4, Pylon  
  90  7:43  Psionic Storm  
  98  7:47  Zealot x2  
  98  7:49  Zealot  
  104  7:58  Protoss Ground Weapons Level 2 (Chrono Boost)  
  104  7:59  Observer  
  104  8:01  Zealot x4  
  113  8:11  High Templar  
  115  8:21  Pylon  
  115  8:22  Zealot x4  
  115  8:26  Zealot x4  
  104  8:44  High Templar x4  
  104  8:47  Zealot  
  112  8:50  Zealot x4  
  112  8:51  Nexus  
  120  8:56  Immortal (Chrono Boost)  
  124  9:07  Probe x3  
  123  9:12  High Templar  
  123  9:13  High Templar  
  123  9:14  Zealot x3  
  133  9:18  Photon Cannon  
  133  9:19  Probe  
  133  9:21  Photon Cannon  
  133  9:23  Shield Battery  
  134  9:25  Immortal (Chrono Boost)  
  134  9:26  High Templar  
  134  9:30  Probe x2  
  142  9:36  Probe  
  143  9:42  Probe  
  142  9:46  Photon Cannon  
  142  9:48  Probe x2  
  142  9:50  Assimilator  
  142  9:51  Assimilator  
  144  9:54  Probe  
  144  9:56  High Templar x3, Zealot x2  
  144  9:57  Zealot x2  
  159  10:00  Immortal (Chrono Boost)  
  159  10:02  Archon  
  159  10:06  Probe  
  152  10:07  Probe  
  152  10:10  Photon Cannon  
  152  10:11  Probe  
  152  10:13  Probe  
  155  10:21  Zealot x5  
  164  10:30  Photon Cannon, Immortal (Chrono Boost)  
  168  10:37  Pylon  
  168  10:39  Pylon  
  165  10:43  Zealot x3  
  165  10:48  High Templar x3  
  165  10:49  High Templar  
  171  10:52  Archon  
  171  10:53  Archon  
  163  10:57  Stalker x5  
  165  11:04  Immortal (Chrono Boost)  
  165  11:15  Fleet Beacon  
  153  11:20  Zealot x5  
  162  11:31  Zealot x3  
  148  11:43  High Templar x4, Zealot x2  
  143  11:50  Archon x2  
  134  11:58  Zealot x3  
  127  12:06  Zealot x2  
Show
View Real Time Build Order
Export as new Build Order

Elazer Zerg - Winner!

Build Orders: Hatch First 

Get SALT Encoding   

  8  0:00  Drone  
  9  0:10  Drone  
  10  0:16  Drone  
  11  0:22  Drone  
  12  0:32  Overlord  
  12  0:39  Extractor  
  12  0:40  Drone  
  13  0:50  Drone x2  
  15  1:00  Drone  
  16  1:14  Hatchery  
  16  1:18  Drone  
  16  1:22  Drone  
  17  1:29  Drone  
  18  1:32  Extractor  
  17  1:40  Spawning Pool  
  17  1:43  Drone  
  17  1:49  Drone  
  18  1:59  Drone  
  19  2:09  Drone  
  20  2:20  Overlord  
  20  2:26  Queen x2  
  24  2:32  Metabolic Boost  
  24  2:38  Drone x2  
  24  2:40  Zergling x2  
  27  2:44  Zergling x2  
  27  2:47  Drone  
  27  2:49  Drone  
  30  2:55  Drone  
  31  2:59  Overlord  
  31  3:11  Hatchery  
  31  3:20  Zergling x2  
  31  3:21  Zergling x2  
  31  3:22  Zergling x4  
  33  3:27  Zergling x2  
  33  3:29  Overlord  
  34  3:37  Drone x2  
  34  3:38  Drone x3  
  39  3:48  Drone x4  
  40  4:07  Spore Crawler  
  40  4:08  Spore Crawler  
  38  4:11  Drone x7  
  38  4:15  Drone x2  
  47  4:18  Drone  
  47  4:23  Drone  
  49  4:27  Drone x2  
  50  4:35  Queen  
  50  4:37  Overlord  
  52  4:41  Spore Crawler, Drone  
  52  4:50  Drone  
  52  4:53  Overlord  
  52  4:55  Drone x8  
  60  5:02  Lair  
  60  5:03  Overlord  
  60  5:11  Drone x5  
  63  5:15  Drone x4  
  63  5:19  Overlord  
  63  5:20  Drone  
  68  5:25  Overlord  
  68  5:28  Baneling Nest, Zergling x4  
  66  5:31  Overlord  
  68  5:35  Extractor  
  68  5:36  Extractor, Hatchery  
  68  5:40  Drone x3  
  68  5:44  Zergling x6  
  68  5:47  Queen  
  68  5:49  Zergling x4  
  75  5:55  Overlord  
  75  5:56  Overlord  
  67  6:05  Zergling x2  
  65  6:11  Drone x7  
  67  6:20  Drone x9  
  76  6:30  Drone x3, Hydralisk Den, Extractor  
  77  6:36  Spore Crawler  
  77  6:37  Extractor x2  
  77  6:38  Drone  
  73  6:41  Overlord  
  73  6:43  Drone  
  75  6:49  Evolution Chamber  
  75  6:50  Drone x4  
  75  6:51  Evolution Chamber  
  77  6:55  Drone x3  
  77  6:56  Overseer  
  77  7:01  Muscular Augments  
  80  7:03  Drone x4, Hatchery  
  80  7:05  Spore Crawler  
  80  7:06  Drone x3  
  84  7:13  Drone x6  
  90  7:16  Zerg Melee Weapons Level 1  
  90  7:17  Zerg Missile Weapons Level 1  
  90  7:22  Hydralisk x2  
  92  7:24  Extractor  
  92  7:25  Overlord  
  92  7:29  Spore Crawler x2  
  88  7:32  Hydralisk x2  
  88  7:34  Drone x3  
  97  7:43  Hydralisk x4  
  105  7:46  Drone x5  
  105  7:49  Overlord  
  105  7:50  Centrifugal Hooks  
  111  7:54  Zergling x10  
  116  7:59  Zergling x10  
  116  8:01  Zergling x4  
  116  8:03  Baneling x4  
  116  8:05  Grooved Spines  
  123  8:07  Zergling x8  
  123  8:12  Overlord  
  127  8:16  Baneling x4  
  127  8:19  Zergling x2  
  132  8:20  Zergling x12  
  132  8:21  Baneling x3  
  127  8:30  Zergling x20  
  128  8:36  Overlord  
  128  8:40  Drone  
  128  8:42  Drone  
  128  8:43  Overlord, Drone x7  
  128  8:45  Drone  
  137  8:53  Hydralisk x6  
  143  9:03  Overlord  
  143  9:07  Zergling x18  
  152  9:13  Zerg Melee Weapons Level 2, Zerg Missile Weapons Level 2  
  152  9:14  Pneumatized Carapace  
  152  9:15  Overlord  
  152  9:18  Drone x6  
  152  9:19  Spine Crawler x2, Drone  
  152  9:21  Spore Crawler  
  156  9:25  Hydralisk x3  
  162  9:33  Hydralisk x3  
  162  9:37  Baneling x6  
  167  9:40  Overlord  
  167  9:44  Hydralisk x2  
  171  9:46  Zergling x18  
  171  9:52  Baneling x4  
  179  9:54  Zergling x2  
  179  9:57  Overlord x2  
  179  9:58  Overlord  
  174  10:00  Drone x2  
  174  10:01  Drone x2  
  174  10:06  Zergling x12  
  177  10:21  Baneling x20  
  177  10:24  Zergling x18  
  186  10:33  Zergling x10  
  191  10:41  Overlord  
  191  10:46  Overlord  
  191  10:47  Hydralisk x5  
  198  10:52  Zergling x8  
  193  11:02  Zergling x14  
  199  11:06  Overlord  
  199  11:10  Zergling x12  
  199  11:11  Zergling x2  
  199  11:15  Baneling x13, Infestation Pit  
  193  11:20  Zergling x12  
  187  11:35  Zergling x28  
  192  11:46  Hydralisk x8  
  199  11:53  Zergling x14  
  197  12:00  Zergling x4  
  197  12:01  Zergling x6  
Tags
 
Add a new tag
Caveats
  • Supply blocks, unpowered buildings, or Contaminate may cause inaccurate times.
  • Supply counts are checked every 10 seconds.